 Dungeon Crawl Stone Soup version 0.17-a0-1636-g3119f2b (webtiles) character file.

293 Zanetsu the Cudgeler (level 6, -10/51 HPs)
             Began as a Minotaur Fighter on Aug 5, 2015.
             Mangled by an ogre
             ... wielding a +0 giant club
              (20 damage)
             ... on level 3 of the Dungeon.
             The game lasted 00:06:05 (1718 turns).

Zanetsu the Cudgeler (Minotaur Fighter)             Turns: 1718, Time: 00:06:05

Health: -10/51     AC:  8    Str: 21    XL:     6   Next: 11%
Magic:  5/5        EV:  5    Int:  7    God:
Gold:   66         SH:  8    Dex:  9    Spells: 0 memorised, 5 levels left

rFire  . . .     SeeInvis .     a - +0 flail
rCold  . . .     Clarity  .     l - +0 chain mail
rNeg   . . .     SustAt   .     c - +0 shield
rPois  .         Gourm    .     (helmet restricted)
rElec  .         Spirit   .     (no cloak)
rCorr  .         Warding  .     (no gloves)
rMut   .         Stasis   .     (no boots)
MR     .....                    (no amulet)
Stlth  ..........               (no ring)
                                (no ring)

@: drained, not resistant to hostile enchantments, extremely unstealthy
A: retaliatory headbutt, horns 2
a: no special abilities


You were on level 3 of the Dungeon.
You were full.

You visited 1 branch of the dungeon, and saw 3 of its levels.

You collected 66 gold pieces.

Inventory:

Hand weapons
 a - a +0 flail (weapon)
 p - a +0 scythe
Missiles
 g - a throwing net (quivered)
Armour
 b - a +0 scale mail
 c - a +0 shield (worn)
 l - a +0 chain mail (worn)
 o - a +2 robe of resistance
Scrolls
 e - 2 scrolls of blinking {unknown}
 f - 3 scrolls of identify
 j - 2 scrolls of teleportation {unknown}
 q - a scroll of noise {unknown}
 r - a scroll of immolation {unknown}
 s - a scroll of remove curse {unknown}
Potions
 d - a potion of might
 h - 4 potions of curing
 i - 3 potions of poison {unknown}
 k - a potion of brilliance {unknown}
 m - a potion of flight {unknown}
 n - a potion of heal wounds {unknown}
 u - a potion of resistance {unknown}
Comestibles
 t - a bread ration


   Skills:
 - Level 3.6(2.7) Fighting
 + Level 7.8(6.8) Maces & Flails
 - Level 3.6(2.7) Armour
 - Level 3.6(2.7) Shields


You had 5 spell levels left.
You didn't know any spells.

Dungeon Overview and Level Annotations

Branches:
Dungeon (3/15)

Altars:
Elyvilon
Okawaru
Qazlal


Innate Abilities, Weirdness & Mutations

You reflexively headbutt those who attack you in melee.
You have a pair of horns on your head.


Message History

Things that are here:
a trident; a chain mail
Found a stone staircase leading down.
h - 4 potions of curing (gained 1)
An ogre comes into view. It is wielding a giant club.
The ogre shouts!
The ogre moves out of view.
The ogre hits you with a giant club!
You hit the ogre.
The ogre is lightly wounded.
The ogre hits you with a giant club!
Your shield and chain mail prevent you from hitting the ogre.
You headbutt the ogre.
The ogre is lightly wounded.
The ogre hits you with a giant club!
* * * LOW HITPOINT WARNING * * *
You hit the ogre.
The ogre is moderately wounded.
The ogre hits you with a giant club!!
You die...

##..##. ....#..
### ### ......
...... ....# #.#.#
....# #.O.# ....#
#########@# ...)#
#.........#
....####...#######
.......#...#
...###.....#
....###....#
...........#
....####...# ....#
#...#


You could see an ogre.

Vanquished Creatures
  Sigmund (D:2)
  An orc priest (D:3)
  Robin (D:3)
  3 adders (D:2)
  3 worms (D:2)
  2 orcs (D:3)
  4 giant cockroaches
  17 goblins
  5 hobgoblins
  2 jackals (D:1)
  9 kobolds
  6 bats
  A giant newt (D:2)
  7 rats
62 creatures vanquished.

Notes
Turn   | Place    | Note
--------------------------------------------------------------
     0 | D:1      | Zanetsu the Minotaur Fighter began the quest for the Orb.
     0 | D:1      | Reached XP level 1. HP: 19/19 MP: 0/0
   198 | D:1      | Reached XP level 2. HP: 20/26 MP: 1/1
   476 | D:2      | Found a white marble altar of Elyvilon.
   497 | D:2      | Noticed Sigmund
   507 | D:2      | Killed Sigmund
   507 | D:2      | Reached skill level 6 in Maces & Flails
   507 | D:2      | Reached XP level 3. HP: 23/31 MP: 2/2
   507 | D:2      | Reached XP level 4. HP: 28/39 MP: 3/3
   507 | D:2      | Reached XP level 5. HP: 32/45 MP: 4/4
   627 | D:2      | Reached skill level 7 in Maces & Flails
   775 | D:2      | Found a stormy altar of Qazlal.
  1382 | D:3      | Noticed Robin
  1409 | D:3      | Killed Robin
  1598 | D:3      | Found an iron altar of Okawaru.
  1670 | D:3      | Reached XP level 6. HP: 41/51 MP: 5/5
  1714 | D:3      | Noticed an ogre
  1718 | D:3      | Mangled by an ogre

Vault maps used:
D:1:      minmay_arrival_checkered_box, st_stairs_8
D:2:      lemuel_round_altar, minmay_bad_closet, elyvilon_altar_4, uniq_sigmund
D:3:      okawaru_trees_2, lemuel_doored_altar, serial_corexii_hall,
          corexii_hall_statues_x, corexii_hall_statues_x, uniq_robin

Action                   |  1- 3 |  4- 6 || total
-------------------------+-------+-------++-------
Melee: Flail             |    52 |   135 ||   187
  Use: Scroll            |     1 |     1 ||     2
  Eat: Fruit             |       |     3 ||     3
       Bread ration      |       |     1 ||     1
